 Dungeon Crawl Stone Soup version 0.30.1-3-gfc49f6343a (webtiles) character file.

Game seed: 9438007120602290198

96362 Peloso the Peltast (level 15, -8/139 HPs)
             Began as a Minotaur Fighter on July 30, 2023.
             Was an Elder of Okawaru.
             Mangled by a radroach (19 damage)
             ... on level 1 of the Spider Nest.
             The game lasted 01:14:57 (32150 turns).

Peloso the Peltast (Minotaur Fighter)              Turns: 32150, Time: 01:14:57

Health: -8/139     AC: 30    Str: 31    XL:     15   Next: 69%
Magic:  15/16      EV: 16    Int:  5    God:    Okawaru [****..]
Gold:   2585       SH: 22    Dex: 16    Spells: 14/14 levels left

rFire   + + .        b - +4 scimitar (flame)
rCold   . . .        d - +0 kite shield
rNeg    . . .        L - +4 chain mail {rF+}
rPois   .            Q - +2 hat
rElec   .            u - +2 cloak
rCorr   .            K - +0 pair of gloves
SInv    .            N - +2 pair of boots
Will    +....        E - amulet of reflection
Stlth   +            p - ring of flight
HPRegen 0.43/turn    S - ring of the Albatross {rF+ Str+6 Dex+3}
MPRegen 0.15/turn

%: reflection
@: heroic, flying, very slightly contaminated
A: horns 2, retaliatory headbutt
a: Renounce Religion, Heroism, Finesse


You were on level 1 of the Spider Nest.
You worshipped Okawaru.
Okawaru was greatly pleased with you.
You visited 5 branches of the dungeon, and saw 24 of its levels.
You also visited: Volcano.

You collected 2785 gold pieces.
You spent 200 gold pieces at shops.

Inventory:

Hand Weapons
 a - a +4 long sword
 b - a +4 scimitar of flaming (weapon)
Armour
 d - a +0 kite shield (worn)
 u - a +2 cloak (worn)
 K - a +0 pair of gloves (worn)
 L - a +4 chain mail of fire resistance (worn)
 N - a +2 pair of boots (worn)
 Q - a +2 hat (worn)
Jewellery
 p - a ring of flight (left hand)
 B - a ring of poison resistance
 E - an amulet of reflection (around neck)
 O - a ring of willpower
 S - the ring of the Albatross (right hand) {rF+ Str+6 Dex+3}
   (You found it on level 13 of the Dungeon)

   [ring of strength]

   Str:       It affects your strength (+6).
   Dex:       It affects your dexterity (+3).
   rF:        It protects you from fire.
 X - the ring "Unealitz" {+Blink rC+ MP+9}
   (You bought it in a shop on level 12 of the Dungeon)

   [ring of magical power]

   rC:        It protects you from cold.
   MP:        It affects your magic capacity (+9).
   +Blink:    It lets you blink.
Wands
 c - a wand of flame (25)
 C - a wand of digging (2)
Scrolls
 e - 5 scrolls of fear
 f - 13 scrolls of identify
 j - 2 scrolls of blinking
 o - 7 scrolls of teleportation
 w - 2 scrolls of immolation
 H - 2 scrolls of poison
 T - a scroll of magic mapping
Potions
 h - 5 potions of flight
 q - 9 potions of curing
 r - 2 potions of might
 A - 4 potions of haste
 F - 2 potions of resistance
 G - a potion of berserk rage
Miscellaneous
 g - a phantom mirror


   Skills:
 + Level 14.9(19.9) Fighting
 + Level 16.6(21.6) Long Blades
 + Level 2.1(7.1) Polearms
 + Level 14.5(19.5) Armour
 + Level 7.2(12.2) Dodging
 + Level 2.9(7.9) Stealth
 + Level 19.5(24.5) Shields
 + Level 3.3 Invocations
 + Level 0.7 Evocations


You had 14 spell levels left.
You didn't know any spells.
Your spell library contained the following spells:

 Spells                   Type           Power      Damage    Failure   Level
 Beastly Appendage        Tmut           0%         N/A       78%         1
 Freeze                   Ice            0%         1d3       78%         1
 Kiss of Death            Conj/Necr      0%         2d5       78%         1
 Magic Dart               Conj           0%         1d3       78%         1
 Shock                    Conj/Air       0%         1d3       78%         1
 Sting                    Tmut/Pois      0%         1d3       78%         1
 Ensorcelled Hibernation  Hex/Ice        0%         N/A       89%         2
 Passwall                 Tmut/Erth      0%         N/A       89%         2
 Poisonous Vapours        Pois/Air       0%         N/A       89%         2
 Searing Ray              Conj           0%         2d4       89%         2
 Wereblood                Tmut           0%         N/A       89%         2
 Confusing Touch          Hex            0%         N/A       98%         3
 Frozen Ramparts          Ice            0%         1d1       98%         3
 Hailstorm                Conj/Ice       0%         3d3       98%         3
 Ignite Poison            Fire/Tmut/Pois 0%         N/A       98%         3
 Mephitic Cloud           Conj/Pois/Air  0%         N/A       98%         3
 Portal Projectile        Hex/Tloc       0%         N/A       98%         3
 Swiftness                Air            0%         N/A       98%         3
 Airstrike                Air            0%         2d(0-16)  100%        4
 Dispel Undead            Necr           0%         3d6       100%        4
 Fulminant Prism          Conj/Hex       0%         3d5       100%        4
 Leda's Liquefaction      Hex/Erth       0%         N/A       100%        4
 Sticky Flame             Conj/Fire      0%         2d3       100%        4
 Freezing Cloud           Conj/Ice/Air   0%         6-21      100%        5
 Eringya's Noxious Bog    Tmut/Pois      0%         N/A       100%        6
 Statue Form              Tmut/Erth      0%         N/A       100%        6
 Ignition                 Fire           0%         3d3       100%        8
 Call Canine Familiar     Summ           Unusable   N/A       N/A         3

Dungeon Overview and Level Annotations

Branches:
Dungeon (15/15)            Temple (1/1) D:5            Lair (5/5) D:11
 Shoals (0/4) Lair:3       Spider (1/4) Lair:3        Slime (0/5) Lair:5
    Orc (2/2) D:12            Elf (0/3) Orc:2        Vaults (0/5) D:14
 Depths (0/4) D:15        Volcano (visited)

Altars:
Ashenzari
Cheibriados
Dithmenos
Elyvilon
Fedhas
Gozag
Hepliaklqana
Kikubaaqudgha
Makhleb
Nemelex Xobeh
Okawaru
Qazlal
Ru
Sif Muna
Trog
Uskayaw
Vehumet
Wu Jian
Xom
Yredelemnul
Zin
The Shining One
Jiyva

Shops:
D:4 [   D:6 (*   D:12 (*   Orc:1 (   Orc:2 (*(*

Annotations:
Lair:4 Casa


Innate Abilities, Weirdness & Mutations

You have a pair of horns on your head.
You reflexively headbutt those who attack you in melee.


Message History

You block the culicivora's attack.
You slash the culicivora! You burn the culicivora.
The culicivora is heavily wounded.
You block the culicivora's attack.
You hit the culicivora. You burn the culicivora.
Your headbutt misses the culicivora.
The culicivora is heavily wounded.
The culicivora bites you but does no damage.
You hit the culicivora. You burn the culicivora. You headbutt the culicivora!
The culicivora is severely wounded.
You block the culicivora's attack. x2
You slash the culicivora! You burn the culicivora.
You kill the culicivora!
Okawaru accepts your kill.
You closely miss the meliai. You block the meliai's attack. x2
You hit the meliai but do no damage. Your headbutt misses the meliai.
The meliai hits you with a +0 hand axe!
* * * LOW HITPOINT WARNING * * *
You block the meliai's attack. x3
You slash the meliai! You burn the meliai. You headbutt the meliai.
The meliai is almost dead.
You block the meliai's attack.
The meliai stings you but does no damage.
You slash the meliai! You burn the meliai.
You kill the meliai!
Okawaru accepts your kill.
You slash the radroach! You burn the radroach.
You headbutt the radroach, but do no damage.
The radroach is severely wounded.
You barely miss the radroach. Your headbutt misses the radroach.
The radroach is severely wounded.
The radroach erupts in a fountain of uncontrolled magic!
You are blasted with magical radiation!!
* * * LOW HITPOINT WARNING * * *
You are very lightly contaminated with residual magic.
You hit the radroach but do no damage.
The radroach is severely wounded.
The radroach erupts in a fountain of uncontrolled magic!
You are blasted with magical radiation!!
You die...

#.......s.....^
#..........s..
#...........#
#...........#
#....B.....#
#....y..#
###..†###
####..## #####
##..###@..#
####....B####
#.....)###
#.....#^#
#....##.##
#....# ##.#
#...# ##†# #^##
###..# ##
##...##


You could see a radroach.

Vanquished Creatures
  Roxanne (D:14)
  A quicksilver ooze (Lair:5)
  Snorg (Orc:2)
  A fire dragon (D:13)
  Erolcha (D:10)
  A spriggan zombie (D:15)
  7 hydras
  2 catoblepae
  3 centaur warriors
  7 two-headed ogres
  6 boulder beetles
  9 death yaks
  Urug (Orc:2)
  A deep troll shaman (Lair:5)
  A vampire mage (D:15)
  Sonja (Orc:1)
  A sun demon (Volcano)
  11 skeletal warriors
  Amaemon (D:9)
  A pharaoh ant (Lair:3)
  A golden dragon zombie (D:15)
  A skyshark (Lair:3)
  An orb spider (Spider:1)
  2 wizards
  5 orc knights
  2 necromancers
  Pikel (D:4)
  4 deep elf pyromancers
  An orc sorcerer (Volcano)
  2 oklob plants (Lair:2)
  2 wolf spiders
  A fire giant zombie (D:15)
  8 cyclopes
  5 manticores
  2 ugly things (D:13)
  A stone giant zombie (D:15)
  2 black mambas
  12 elephants
  4 demonic crawlers (Spider:1)
  An orange demon (D:8)
  A torpor snail (Lair:2)
  10 cane toads
  2 molten gargoyles (Volcano)
  3 rime drakes
  4 gargoyles
  A komodo dragon (shapeshifter) (D:13)
  A kobold demonologist (D:12)
  7 komodo dragons
  A freezing wraith (D:14)
  2 efreet
  A red devil (Volcano)
  3 trolls
  2 meliai (Spider:1)
  4 polar bears
  A meliai (shapeshifter) (D:13)
  A wind drake (Lair:3)
  A queen bee (Lair:1)
  Grinder (D:4)
  A hornet (D:9)
  13 dream sheep
  8 blink frogs
  Sigmund (D:3)
  2 jumping spiders
  27 yaks
  2 fire bats (Volcano)
  A shadow (D:11)
  12 slime creatures
  3 culicivoras (Spider:1)
  A vampire (D:11)
  Grum (D:9)
  A vampire mosquito (D:13)
  7 basilisks
  A redback (Lair:3)
  Edmund (D:5)
  Menkaure (D:5)
  A steam dragon (D:9)
  2 wargs
  2 acid dragons
  14 water moccasins
  Duvessa (D:5)
  3 hell hounds (Volcano)
  32 orc warriors
  A sky beast (D:6)
  A black bear (D:7)
  4 ogres
  A boggart (shapeshifter) (D:15)
  20 centaurs
  4 lemures (D:4)
  2 phantoms
  2 kobold brigands
  29 wolves
  12 bullfrogs
  A gnoll sergeant (D:13)
  A scorpion (D:7)
  17 wights
  26 killer bees (Lair:1)
  Dowan (D:5)
  4 electric eels
  3 howler monkeys
  7 crimson imps (D:8)
  7 lava snakes (Volcano)
  3 hounds
  3 jellies (Lair:5)
  15 orc priests
  A sleepcap (D:7)
  Crazy Yiuf (D:2)
  2 gnoll boudas
  Terence (D:3)
  6 iguanas
  Ijyb (D:5)
  22 orc wizards
  13 gnolls
  5 adders
  2 white imps (D:8)
  5 worms
  4 dart slugs
  69 orcs
  4 ball pythons
  5 bats
  7 endoplasms
  A giant cockroach (D:1)
  7 goblins
  11 hobgoblins
  9 jackals (D:1)
  A quokka (D:5)
  2 frilled lizards
  19 kobolds
  A rat (D:2)
663 creatures vanquished.

Vanquished Creatures (others)
  A wizard (D:14)
1 creature vanquished.

Grand Total: 664 creatures vanquished

Notes
Turn   | Place    | Note
-------+----------+-------------------------------------------
     0 | D:1      | Peloso the Minotaur Fighter began the quest for the Orb.
     0 | D:1      | Reached XP level 1. HP: 19/19 MP: 0/0
   169 | D:1      | Reached XP level 2. HP: 27/27 MP: 1/1
   221 | D:1      | Reached skill level 4 in Shields
   287 | D:1      | You fall into a shaft and drop 1 floor!
   626 | D:2      | Found a runed translucent door.
   627 | D:2      | Noticed Crazy Yiuf
   724 | D:2      | Reached XP level 3. HP: 25/33 MP: 2/2
  1800 | D:3      | Reached XP level 4. HP: 37/40 MP: 3/3
  1819 | D:3      | Noticed Terence
  1836 | D:3      | Killed Terence
  2558 | D:3      | Noticed Sigmund
  2569 | D:3      | Killed Sigmund
  2570 | D:3      | Reached skill level 5 in Long Blades
  2570 | D:3      | Reached skill level 5 in Armour
  2570 | D:3      | Reached skill level 1 in Dodging
  2570 | D:3      | Reached XP level 5. HP: 28/47 MP: 4/4
  2570 | D:3      | Reached XP level 6. HP: 31/53 MP: 5/5
  2762 | D:4      | Found Couhated's Antique Armour Shoppe.
  3271 | D:4      | Noticed Pikel
  3286 | D:4      | Killed Pikel
  3287 | D:4      | Reached skill level 5 in Fighting
  3287 | D:4      | Reached skill level 5 in Shields
  3287 | D:4      | Reached XP level 7. HP: 36/61 MP: 6/6
  3568 | D:4      | Noticed Grinder
  3575 | D:4      | Paralysed by Grinder for 3 turns
  3580 | D:4      | Killed Grinder
  3655 | D:4      | Reached XP level 8. HP: 68/68 MP: 7/7
  3940 | D:5      | Entered Level 5 of the Dungeon
  4009 | D:5      | Noticed Edmund
  4023 | D:5      | Killed Edmund
  4140 | D:5      | Noticed Menkaure
  4148 | D:5      | Killed Menkaure
  4413 | D:5      | Noticed Dowan
  4415 | D:5      | Noticed Duvessa
  4432 | D:5      | Killed Duvessa
  4433 | D:5      | Reached skill level 6 in Shields
  4439 | D:5      | Killed Dowan
  4520 | D:5      | Noticed Ijyb
  4530 | D:5      | Killed Ijyb
  4568 | D:5      | Found a staircase to the Ecumenical Temple.
  4577 | Temple   | Entered the Ecumenical Temple
  4741 | D:5      | Found a hide-covered altar of Uskayaw.
  5139 | D:6      | Found Ymogig's Weapon Boutique.
  5226 | D:6      | Reached XP level 9. HP: 71/78 MP: 8/8
  5560 | D:6      | Found Naot's Assorted Antiques.
  5569 | D:6      | Bought a scroll labelled GUNLENG ISHA for 32 gold pieces
  5569 | D:6      | Bought a murky amethyst potion for 28 gold pieces
  5621 | D:6      | Identified the +1 robe of Sloth {rC+ Dex+2}
  5781 | D:7      | Found a hazy altar of Hepliaklqana.
  5869 | D:7      | Reached skill level 10 in Long Blades
  6044 | D:7      | Reached skill level 7 in Shields
  6238 | D:7      | Found an iron altar of Okawaru.
  6291 | D:7      | Became a worshipper of Warmaster Okawaru
  6446 | D:7      | Reached skill level 8 in Shields
  6937 | D:8      | Reached * piety under Okawaru
  6941 | D:8      | Reached XP level 10. HP: 64/88 MP: 9/9
  7038 | D:8      | Reached skill level 9 in Shields
  7353 | D:8      | Noticed a two-headed ogre
  7365 | D:8      | Killed a two-headed ogre
  7838 | D:8      | Reached skill level 1 in Stealth
  7844 | D:8      | Reached ** piety under Okawaru
  8214 | D:9      | Noticed a two-headed ogre
  8223 | D:9      | Noticed an orange demon
  8274 | D:8      | Killed a two-headed ogre
  8275 | D:8      | Reached skill level 10 in Armour
  8281 | D:8      | Killed an orange demon
  8281 | D:8      | Reached *** piety under Okawaru
  8631 | D:9      | Reached XP level 11. HP: 97/97 MP: 10/10
  8636 | D:9      | Noticed Grum
  8655 | D:9      | Killed Grum
  8936 | D:9      | Reached skill level 10 in Shields
  9172 | D:9      | Noticed Amaemon
  9187 | D:9      | Killed Amaemon
  9502 | D:10     | Entered Level 10 of the Dungeon
  9677 | D:10     | Noticed a two-headed ogre
  9690 | D:10     | Killed a two-headed ogre
  9971 | D:10     | Noticed Erolcha
 10281 | D:10     | Noticed a two-headed ogre
 10294 | D:10     | Killed a two-headed ogre
 10422 | D:11     | Noticed a two-headed ogre
 10439 | D:11     | HP: 2/99 [two-headed ogre/+0 giant club (12)]
 10440 | D:11     | Killed a two-headed ogre
 10441 | D:11     | Reached skill level 10 in Fighting
 11190 | D:11     | Found a staircase to the Lair.
 11201 | D:11     | Reached **** piety under Okawaru
 11301 | D:11     | Reached skill level 11 in Shields
 11874 | D:10     | Killed Erolcha
 11875 | D:10     | Reached skill level 1 in Invocations
 11931 | Lair:1   | Entered Level 1 of the Lair of Beasts
 12060 | Lair:1   | Reached ***** piety under Okawaru
 12212 | Lair:1   | Reached XP level 12. HP: 102/108 MP: 11/11
 13104 | Lair:2   | Reached skill level 12 in Shields
 13217 | Lair:2   | Found a dark tunnel.
 13241 | Volcano  | Entered a volcano
 13651 | Volcano  | Found a bloodstained altar of Trog.
 14402 | Volcano  | Reached skill level 13 in Shields
 14718 | Lair:2   | Noticed a death yak
 14719 | Lair:2   | Noticed a death yak
 14754 | Lair:2   | Killed a death yak
 14771 | Lair:2   | Killed a death yak
 15942 | Lair:3   | Reached XP level 13. HP: 83/117 MP: 10/13
 15956 | Lair:3   | Reached skill level 14 in Shields
 16178 | Lair:3   | Found a hole to the Spider Nest.
 16576 | Lair:3   | Found a staircase to the Shoals.
 17165 | D:12     | Found Apyh's Weapon Shoppe.
 17165 | D:12     | Found a staircase to the Orcish Mines.
 17316 | D:12     | Found Onire's Assorted Antiques.
 17323 | D:12     | Bought a warped glass ring for 140 gold pieces
 17323 | D:12     | Identified the ring "Unealitz" {+Blink rC+ MP+9} (You
                  | bought it in a shop on level 12 of the Dungeon)
 18090 | Orc:1    | Entered Level 1 of the Orcish Mines
 18090 | Orc:1    | Found Zaleaku's Weapon Shop.
 18240 | Orc:2    | Entered Level 2 of the Orcish Mines
 18261 | Orc:2    | Found a staircase to the Elven Halls.
 18379 | Orc:2    | Noticed Snorg
 18400 | Orc:2    | Killed Snorg
 18593 | Orc:2    | Reached skill level 5 in Dodging
 18653 | Orc:2    | Reached skill level 15 in Shields
 19213 | Orc:2    | Reached skill level 15 in Long Blades
 19252 | Orc:2    | Found Meihumotz's General Store.
 19252 | Orc:2    | Found Dyeselos's Antique Weapon Shoppe.
 19254 | Orc:2    | Found Naloitiw's General Store.
 19256 | Orc:2    | Found Toetemif's Weapon Boutique.
 19428 | Orc:1    | Noticed Urug
 19483 | Orc:2    | Killed Urug
 19720 | Orc:1    | Noticed Sonja
 19726 | Orc:1    | Killed Sonja
 20451 | D:13     | Reached skill level 16 in Shields
 20536 | D:13     | Reached skill level 1 in Polearms
 20994 | D:13     | Reached XP level 14. HP: 118/127 MP: 15/15
 21574 | Lair:4   | Identified the +5 ring mail of Qaluor {Contam rElec rF+++
                  | MP+9} (Okawaru gifted it to you on level 4 of the Lair of
                  | Beasts)
 21574 | Lair:4   | Received a gift from Okawaru
 22328 | Lair:5   | Entered Level 5 of the Lair of Beasts
 22550 | Lair:5   | Reached skill level 17 in Shields
 22831 | Lair:5   | Noticed a quicksilver ooze
 22848 | Lair:5   | Found a viscous altar of Jiyva.
 22848 | Lair:5   | Found a staircase to the Slime Pits.
 23138 | Lair:5   | Identified the staff of poison "Naitz" {rElec rPois Dex+2}
 24268 | Lair:4   | Received a gift from Okawaru
 24348 | Lair:5   | Reached skill level 18 in Shields
 24745 | Lair:5   | Killed a quicksilver ooze
 25522 | D:14     | Found a gate to the Vaults.
 25543 | D:14     | Reached XP level 15. HP: 60/136 MP: 16/16
 25795 | D:14     | Identified Roxanne's Secrets of the Switch
 25795 | D:14     | Noticed Roxanne
 26755 | D:15     | Entered Level 15 of the Dungeon
 26766 | D:15     | Found a white marble altar of Elyvilon.
 27050 | D:15     | Found a staircase to the Depths.
 28084 | D:15     | Received a gift from Okawaru
 28136 | D:15     | Reached skill level 19 in Shields
 29189 | D:13     | Identified the ring of Pieteom {Ice MP+9 Int+3}
 29201 | D:13     | Identified the ring "Atamuv" {rPois Str-3 Int+4 Dex+6}
 29332 | D:13     | Found a runed translucent door.
 29437 | D:13     | Identified the ring of the Leaping Gods {rN+ Dex+5}
 29503 | D:13     | Identified the ring of the Albatross {rF+ Str+6 Dex+3}
 31203 | D:14     | Killed Roxanne
 31552 | D:2      | Killed Crazy Yiuf
 31836 | Spider:1 | Entered Level 1 of the Spider Nest
 32150 | Spider:1 | Mangled by a radroach

Illustrated notes

Levels and vault maps discovered:
D:1:      nzn_arrival_water_spiral, layout_basic
D:2:      layout_loops_ring, skrybe_limestone_x, grunt_ministairs_12,
          amcnicky_mini_pool_small, uniq_crazy_yiuf_cottage
D:3:      layout_basic, chequers_serial_rivers_small_a, uniq_sigmund,
          uniq_terence
D:4:      layout_loops_corners, serial_shops, shop_fountains, dk_noncrumbling_4,
          uniq_pikel, uniq_grinder
D:5:      nicolae_BIG_FREAKIN_CUBE, layout_rooms, nicolae_uskayaw_dance_hall,
          serial_bayou_ford_a, st_stairs_8, uniq_duvessa, uniq_menkaure,
          uniq_ijyb, uniq_edmund
D:6:      layout_basic, serial_shops, shop, nicolae_shop_bloodbath_and_beyond
D:7:      layout_rooms, mainiacjoe_overflow_concentric_impassable,
          okawaru_metal_pillars_3, minivault_24, kennysheep_generic_room_6
D:8:      layout_basic, minmay_nine_imps
D:9:      layout_gridville, minivault_27, uniq_grum, uniq_amaemon
D:10:     layout_roguey, minmay_misc_feat_rugged, uniq_erolcha
D:11:     layout_small_grid, lair_entry_dummy
D:12:     layout_grid_maze, orc_david_3, serial_shops,
          nicolae_shop_tiny_waterfront
D:13:     minmay_the_grid_triangle_9x9_recursive_3_mashed
          [minmay_the_grid_triangle_9x9_limited_checkers,
          minmay_the_grid_triangle_9x9_semitri,
          minmay_the_grid_triangle_9x9_steps,
          minmay_the_grid_triangle_9x9_prize_special,
          minmay_the_grid_triangle_9x9_longest,
          minmay_the_grid_triangle_9x9_subtriangle,
          minmay_the_grid_triangle_9x9_corruption,
          minmay_the_grid_triangle_9x9_sparse_checkered,
          minmay_the_grid_triangle_9x9_descending_squares], layout_cave_pools
D:14:     layout_loops_ring, david_vaults_1, nrook_mini_backslash, uniq_roxanne
D:15:     gammafunk_depths_entry_grave, layout_cave_pods, elyvilon_altar_1
Temple:   compressed_dpeg_triangle_lava_temple
Lair:1:   layout_roguey [special_room_bee], infiniplex_staircase_pool,
          grunt_megastairs_4
Lair:2:   layout_regular_city, nicolae_volcano_entry_two_sided,
          wad_woods_road_04, grunt_megastairs_2
Lair:3:   layout_loops_ring, minmay_shoals_entry_beasts,
          nicolae_spider_entry_lesser_pyramids
Lair:4:   layout_gridlike, serial_bayou_shore_b, serial_bayou_shore_b
Lair:5:   grunt_lair_end_beastmaster, layout_long_grid,
          minmay_slime_entry_pillars, nicolae_lair_time_for_slime,
          serial_bayou_shore_a, grunt_megastairs_3
Spider:1: layout_cave_pods, uniq_asterion
Orc:1:    layout_diamond_mine, serial_shops, shop, nicolae_orc_lava_tube,
          uniq_sonja, uniq_urug
Orc:2:    st_orc_rangers, layout_diamond_mine, uniq_snorg

Skill      XL: |  1  2  3  4  5  6  7  8  9 10 11 12 13 14 15 |
---------------+----------------------------------------------+-----
Armour         | 4 5 6 8 9 10 11 12 13 14 | 14.5
Shields        | 4 5 6 8 9 11 13 16 18 19 | 19.5
Fighting       | 4 5 6 8 9 10 11 12 13 14 | 14.9
Long Blades    | 3 5 7 9 10 12 14 15 16 | 16.6
Dodging        | 1 2 3 4 5 6 7 |  7.2
Stealth        | 1 2 |  2.9
Invocations    | 1 2 3 |  3.3
Polearms       | 2 |  2.1
Evocations     | |  0.7

Action                     |  1- 3 |  4- 6 |  7- 9 | 10-12 | 13-15 || total
---------------------------+-------+-------+-------+-------+-------++-------
  Melee: Long sword        |    85 |   140 |   426 |   971 |  1789 ||  3411
         Headbutt          |    18 |    19 |    80 |   244 |   595 ||   956
         Trident           |       |       |       |       |    10 ||    10
         Scimitar          |       |       |       |       |   217 ||   217
 Invoke: Heroism           |       |       |       |    22 |    41 ||    63
  Evoke: Wand              |       |       |     1 |     1 |    10 ||    12
    Use: Potion            |     4 |       |       |     5 |     5 ||    14
         Scroll            |       |       |     7 |    10 |    15 ||    32
   Stab: Distracted        |       |       |       |     1 |       ||     1
         Paralysed         |       |       |       |       |    15 ||    15
 Armour: Scale mail        |    48 |     2 |       |       |       ||    50
         Chain mail        |       |    60 |   197 |   341 |   788 ||  1386
  Dodge: Dodged            |    60 |    41 |   110 |   248 |   508 ||   967
  Block: Buckler           |    27 |    23 |   169 |   191 |       ||   410
         Reflection        |       |       |    12 |    10 |    90 ||   112
         Kite shield       |       |       |       |   462 |  1837 ||  2299
